[Event "Early-Titled-Tuesday-Blitz-July-09-2024"]
[Site "Chess.com"]
[Date "2024.07.09"]
[Round "8"]
[White "patzer-reloaded"]
[Black "Szachulec75"]
[Result "1-0"]
[WhiteElo "2352"]
[BlackElo "2234"]
[TimeControl "180+1"]
[EndTime "9:28:00 PDT"]
[Termination "patzer-reloaded won by resignation"]

1. d4 Nf6 2. Bf4 g6 3. Nc3 Bg7 4. e4 d6 5. Nf3 O-O 6. Qd2 Bg4 7.
O-O-O c6 8. Bh6 b5 9. Bd3 Bxf3 10. gxf3 e5 11. Bxg7 Kxg7 12. dxe5 dxe5 13. h4 Nh5 14. Ne2 Qf6 15. Ng3 Qxf3 16. Nxh5+ Qxh5 17. Qc3 Re8 18. f4 Na6 19. Qxc6 Nb4 20. Qxb5 Nxd3+ 21. Rxd3 Rab8 22. Qa5 exf4 23. Qxh5 gxh5 24. Rg1+ Kf6 25. Rd6+ Ke5 26. Rd7 Kxe4 27. Rxf7 Kf3 28. Rf1+ Kg3 29. R7xf4 Re1+ 30. Rxe1 Kxf4 31. b3 1-0

[Event "Early-Titled-Tuesday-Blitz-July-09-2024"]
[Site "Chess.com"]
[Date "2024.07.09"]
[Round "8"]
[White "suspiciumchess"]
[Black "David_Arutinian"]
[Result "0-1"]
[WhiteElo "2474"]
[BlackElo "2834"]
[TimeControl "180+1"]
[EndTime "9:28:02 PDT"]
[Termination "David_Arutinian won by checkmate"]

1. c4 e5 2. a3 Nf6 3. Nc3 d5 4.
cxd5 Nxd5 5. e3 Nc6 6. Qc2 Nxc3 7. bxc3 Bd6 8. Nf3 O-O 9. Bc4 Kh8 10. O-O f5 11. d3 Qe7 12. Bd5 Nd8 13. e4 c6 14.
Ba2 fxe4 15. dxe4 Ne6 16. Be3 Nf4 17. Rad1 Bg4 18. Bxf4 Rxf4 19. Rd3 Bxa3 20. Rfd1 Raf8 21. Qd2 Bc5 22. Rd8 Bxf3 23. gxf3 Rxf3 24. Qd7 Qg5+ 25.
Kh1 Rxf2 26. Qe8 Qg2# 0-1

[Event "Early-Titled-Tuesday-Blitz-July-09-2024"]
[Site "Chess.com"]
[Date "2024.07.09"]
[Round "8"]
[White "yesilikeorangejuice"]
[Black "EvilMorty23"]
[Result "0-1"]
[WhiteElo "2512"]
[BlackElo "2408"]
[TimeControl "180+1"]
[EndTime "9:28:02 PDT"]
[Termination "EvilMorty23 won by resignation"]

1. e4 e6 2. d4 d5 3. e5 c5 4. c3 Nc6 5. Nf3 Qb6 6. Na3 f6 7. Bd3 cxd4 8. cxd4 Bb4+ 9. Bd2 Bxa3 10. bxa3 Nxd4 11.
Qa4+ Nc6 12. Qg4 Qc7 13. Qh5+ Qf7 14. Qg4 fxe5 15. Ng5 Qf6 16. Nxh7 Qe7 17. Bg6+ Kd7 18. Ng5 Nf6 19. Qe2 e4 20. Rc1 Rh6 21. Bb4 Nxb4 22.
Nf7 Nd3+ 23. Kd2 Rxg6 24. Rc3 Qxf7 25. Rhc1 Ne8 0-1

[Event "Early-Titled-Tuesday-Blitz-July-09-2024"]
[Site "Chess.com"]
[Date "2024.07.09"]
[Round "8"]
[White "chess_blitz00"]
[Black "maroro07"]
[Result "1-0"]
[WhiteElo "2521"]
[BlackElo "2378"]
[TimeControl "180+1"]
[EndTime "9:28:05 PDT"]
[Termination "chess_blitz00 won by resignation"]

1. Nf3 d5 2. b3 Nf6 3. Bb2 c5 4.
e3 Nc6 5. Bb5 Bd7 6. O-O e6 7.
c4 Be7 8. d4 O-O 9. Nc3 a6 10.
Bxc6 Bxc6 11. Ne5 dxc4 12. Nxc6 bxc6 13. bxc4 cxd4 14. Qxd4 Qc7 15. Ne2 Rfd8 16. Qc3 a5 17. Ng3 Rab8 18. Rab1 Bb4 19. Qe5 Bd6 20. Qg5 e5 21.
Nf5 Ne8 22. c5 Bf8 23. Bxe5 Qd7 24. Bxb8 f6 25. Qg4 Rxb8 26. Nh6+ Kh8 27. Qxd7 1-0

[Event "Early-Titled-Tuesday-Blitz-July-09-2024"]
[Site "Chess.com"]
[Date "2024.07.09"]
[Round "8"]
[White "baki83"]
[Black "SpeedofLight0"]
[Result "1-0"]
[WhiteElo "2819"]
[BlackElo "3134"]
[TimeControl "180+1"]
[EndTime "9:28:07 PDT"]
[Termination "baki83 won by checkmate"]

1. e4 c6 2. d4 d5 3. e5 Bf5 4. Nf3 e6 5. Be2 Nd7 6. O-O a5 7. Nbd2 a4 8. c4 Ne7 9. Nh4 Bg6 10. Nxg6 hxg6 11. Rb1 Nf5 12. Nf3 dxc4 13. Bxc4 Nb6 14. Be2 Nh4 15. Ne1 Nd5 16. g3 Nf5 17.
Nf3 Qb6 18. Qd3 Be7 19. Bd2 Rd8 20. Qe4 Nc7 21. Be3 Qa5 22. Qc2 Nd5 23. Bd2 Qa7 24.
Qe4 Bb4 25. Bg5 Nde7 26. d5 Nxd5 27. Bxd8 Kxd8 28. Bd1 b5 29. Bc2 Ke7 30. Qg4 Bc5 31. Bxf5 exf5 32. Qg5+ Kf8 33. Qd8# 1-0

[Event "Early-Titled-Tuesday-Blitz-July-09-2024"]
[Site "Chess.com"]
[Date "2024.07.09"]
[Round "8"]
[White "Dino_Ballecer"]
[Black "JAN2404"]
[Result "1-0"]
[WhiteElo "2571"]
[BlackElo "2069"]
[TimeControl "180+1"]
[EndTime "9:28:10 PDT"]
[Termination "Dino_Ballecer won by resignation"]

1. e4 c5 2. Nf3 d6 3. Bb5+ Bd7 4. Bxd7+ Nxd7 5. O-O Ngf6 6. Qe2 e6 7. b3 Be7 8. Bb2 Qc7 9. c4 Rg8 10. d4 g5 11. e5 Nh5 12. d5 O-O-O 13. Nc3 a6 14. Qe4 g4 15. Nd2 Nxe5 16. dxe6 fxe6 17. f4 gxf3 18.
Nxf3 Bf6 19. Na4 Qg7 20. Rf2 Kb8 21. Nxe5 Bxe5 22. Bxe5 Qxe5 23. Qxe5 dxe5 24. Nxc5 Nf4 25. Kh1 Kc7 26. Rxf4 Kd6 27. Ne4+ 1-0

[Event "Early-Titled-Tuesday-Blitz-July-09-2024"]
[Site "Chess.com"]
[Date "2024.07.09"]
[Round "8"]
[White "Balla_Tamas"]
[Black "arctic_t00"]
[Result "0-1"]
[WhiteElo "2484"]
[BlackElo "2662"]
[TimeControl "180+1"]
[EndTime "9:28:15 PDT"]
[Termination "arctic_t00 won by resignation"]

1. Nf3 Nf6 2. b3 g6 3. Bb2 Bg7 4. e3 O-O 5. c4 d6 6. Nc3 e5 7.
d4 e4 8. Nd2 Re8 9. Be2 h5 10.
O-O c5 11. Re1 Bg4 12. f3 exf3 13. Bxf3 Nc6 14. d5 Ne5 15. e4 Nd3 16. Qc2 Nxe1 17. Rxe1 Nd7 18. Bxg4 hxg4 19. Nf1 Bd4+ 20. Kh1 Ne5 21.
Ng3 Kg7 22. Rf1 Rh8 23. h3 gxh3 24. Nb5 hxg2+ 25. Kxg2 Qh4 26. Rh1 Qg4 27. Rxh8 Qf3+ 0-1

[Event "Early-Titled-Tuesday-Blitz-July-09-2024"]
[Site "Chess.com"]
[Date "2024.07.09"]
[Round "8"]
[White "KVAIDAN"]
[Black "BaylavChess"]
[Result "1-0"]
[WhiteElo "2331"]
[BlackElo "2419"]
[TimeControl "180+1"]
[EndTime "9:28:15 PDT"]
[Termination "KVAIDAN won on time"]

1. f4 e5 2. e4 d5 3. Nf3 dxe4 4.
Nxe5 Nc6 5. Bb5 Bd7 6. Nxc6 bxc6 7. Bc4 Bc5 8. Qh5 Qe7 9. Bxf7+ Qxf7 10. Qxc5 Qxf4 11.
d3 Qxc1+ 12. Ke2 Bg4+ 13. Kf2 Qf4+ 14. Ke1 Ne7 15. Nd2 exd3 16. cxd3 O-O 17. Qc4+ Qxc4 18. Nxc4 Nd5 19. d4 Rae8+ 20. Ne5 c5 21. Kd2 Rf2+ 22. Kd3 Bf5+ 23. Kc4 Nb6+ 24. Kxc5 Rc2+ 25. Kb4 a5+ 26. Kb3 a4+ 27. Ka3 c5 28. Rac1 1-0

[Event "Early-Titled-Tuesday-Blitz-July-09-2024"]
[Site "Chess.com"]
[Date "2024.07.09"]
[Round "8"]
[White "rionelG"]
[Black "PedroGil25"]
[Result "0-1"]
[WhiteElo "2440"]
[BlackElo "2637"]
[TimeControl "180+1"]
[EndTime "9:28:16 PDT"]
[Termination "PedroGil25 won on time"]

1. e4 b6 2. d3 Bb7 3. g3 g6 4. Bg2 Bg7 5. Nf3 d6 6. O-O e5 7. Re1 Nd7 8. c3 Ngf6 9. Nbd2 O-O 10. Nf1 Re8 11. h3 a5 12. a4 Nc5 13. Qc2 Qd7 14. Bg5 h6 15. Bxf6 Bxf6 16. Ne3 Bg7 17. Nd2 Rad8 18.
Ndc4 Rf8 19. Rad1 Qxa4 20. Qxa4 Nxa4 21. d4 exd4 22. cxd4 Rfe8 23. e5 Bxg2 24. Kxg2 dxe5 25.
dxe5 Rxd1 26. Rxd1 Bxe5 27. Nd5 Nxb2 28. Nxb2 Bxb2 29.
Nxc7 Rc8 30. Nd5 Rb8 31. Ne7+ Kf8 32. Nc6 Rc8 33. Na7 Rc2 34. Rd6 a4 35. Rxb6 Rxf2+ 0-1

[Event "Early-Titled-Tuesday-Blitz-July-09-2024"]
[Site "Chess.com"]
[Date "2024.07.09"]
[Round "8"]
[White "Baronessa08"]
[Black "InitiatingASC"]
[Result "1-0"]
[WhiteElo "2590"]
[BlackElo "2422"]
[TimeControl "180+1"]
[EndTime "9:28:17 PDT"]
[Termination "Baronessa08 won by resignation"]

1. c4 Nf6 2. Nc3 e6 3. d4 d5 4.
cxd5 exd5 5. Bg5 Be7 6. e3 O-O 7. Bd3 Nbd7 8. Nge2 Re8 9. O-O c6 10. f3 Nf8 11. Bh4 g6 12. Bf2 Ne6 13. Qd2 Ng7 14. Kh1 Bf5 15. e4 dxe4 16. fxe4 Be6 17. Rad1 Qa5 18. e5 Nd5 19. Nxd5 Qxd5 20. Nc3 Qd7 21. Ne4 Bxa2 22. Be3 Bd5 23. Bh6 Bxe4 24. Bxe4 Ne6 25. Qf2 Bf8 26. Be3 Rad8 27. d5 cxd5 28. Bxd5 Qc8 29.
Qxf7+ Kh8 30. Bxe6 1-0

[Event "Early-Titled-Tuesday-Blitz-July-09-2024"]
[Site "Chess.com"]
[Date "2024.07.09"]
[Round "8"]
[White "eightbyeightchess"]
[Black "anderson2361"]
[Result "0-1"]
[WhiteElo "2436"]
[BlackElo "2257"]
[TimeControl "180+1"]
[EndTime "9:28:17 PDT"]
[Termination "anderson2361 won on time"]

1. e4 c5 2. Nf3 Nf6 3. e5 Nd5 4. c3 Nc6 5. Bc4 Nb6 6. Bb3 d5 7. exd6 Qxd6 8. O-O Be6 9. Bxe6 Qxe6 10. Re1 Qd7 11. d4 cxd4 12. cxd4 e6 13. Nc3 Be7 14. Bg5 O-O 15. Bxe7 Nxe7 16. Ne5 Qd8 17. Qh5 Ng6 18. Ne4 Nd5 19. Ng5 Nf6 20. Qh3 Qd5 21. Rac1 Rac8 22. Rxc8 Rxc8 23. Ngxf7 Nf4 24. Qf3 Qxf3 25. gxf3 Rc2 26. Nd6 Rxb2 27. Nec4 Rxa2 28. Nxb7 Ra4 29. Ne5 Rxd4 30. Ra1 Rd5 0-1

[Event "Early-Titled-Tuesday-Blitz-July-09-2024"]
[Site "Chess.com"]
[Date "2024.07.09"]
[Round "8"]
[White "neistoviupryam"]
[Black "Smiechu"]
[Result "1-0"]
[WhiteElo "2342"]
[BlackElo "2436"]
[TimeControl "180+1"]
[EndTime "9:28:17 PDT"]
[Termination "neistoviupryam won by resignation"]

1. e4 c5 2. d4 cxd4 3. c3 d3 4. Bxd3 g6 5. c4 Bg7 6. Nc3 Nc6 7. Nf3 Nf6 8. h3 d6 9. O-O O-O 10. Qe2 Be6 11. Bf4 h6 12. Rac1 Rc8 13. b3 Qa5 14. Bb1 Nh5 15. Bd2 Qd8 16. Rfd1 a6 17.
Be3 Qa5 18. Nd5 Bxd5 19. exd5 Ne5 20. Nxe5 dxe5 21. Bd2 Qc7 22. Re1 Qd6 23. Bc3 Nf4 24. Qf3 b5 25. Bd2 f5 26. Bxf4 exf4 27. Re6 Qa3 28. Qxf4 g5 29. Qd2 bxc4 30. bxc4 Rfd8 31. Rce1 Rxc4 32. Rxe7 Bc3 33. Qd3 Bxe1 34. Qxa3 Rxd5 35. Rxe1 1-0

[Event "Early-Titled-Tuesday-Blitz-July-09-2024"]
[Site "Chess.com"]
[Date "2024.07.09"]
[Round "8"]
[White "rasmussvane"]
[Black "LikeWater"]
[Result "1-0"]
[WhiteElo "2912"]
[BlackElo "2699"]
[TimeControl "180+1"]
[EndTime "9:28:18 PDT"]
[Termination "rasmussvane won by resignation"]

1. Nf3 Nf6 2. g3 g6 3. Bg2 Bg7 4. O-O O-O 5. d4 d5 6. c4 dxc4 7. Na3 c3 8. bxc3 c5 9. Bb2 Nc6 10. Re1 Qb6 11. Nc4 Qa6 12. Ncd2 Rd8 13. e3 Nd5 14. e4 Nb6 15. d5 Ne5 16. Nxe5 Bxe5 17.
a4 Qa5 18. Nb3 Qa6 19. Bf1 c4 20. a5 Nd7 21. Nd2 Qf6 22. Nxc4 Bxc3 23. e5 Nxe5 24. Bxc3 Nf3+ 25. Kg2 Nxe1+ 26. Qxe1 Qf5 27. Qxe7 Qxd5+ 28. Kg1 1-0

[Event "Early-Titled-Tuesday-Blitz-July-09-2024"]
[Site "Chess.com"]
[Date "2024.07.09"]
[Round "8"]
[White "Ratkovic_Miloje"]
[Black "champ2005"]
[Result "0-1"]
[WhiteElo "2791"]
[BlackElo "3039"]
[TimeControl "180+1"]
[EndTime "9:28:20 PDT"]
[Termination "champ2005 won by resignation"]

1. d4 Nf6 2. c4 g6 3. Nc3 Bg7 4. Nf3 O-O 5. Bg5 d6 6. Qd2 Nbd7 7. Bh6 e5 8. Bxg7 Kxg7 9. e3 b6 10. Be2 Bb7 11. O-O Re8 12. Rfd1 exd4 13. Nxd4 Nc5 14.
Qc2 Qe7 15. Bf3 Bxf3 16. Nxf3 a5 17. Rd4 Ne6 18. Rd2 Kg8 19. h3 Nc5 20. Rd4 Qd7 21. Rad1 Ne6 22. Nd5 Nxd5 23. Rxd5 Qe7 24. Nd4 Nc5 25. Nf3 Qf6 26. R5d4 Re7 27. Rf4 Qg7 28. Nd4 Rae8 29. Nc6 Re6 30. b3 f5 31. a3 Ne4 32.
b4 axb4 33. axb4 Ra8 34. c5 Qc3 35. Qxc3 Nxc3 36. Re1 dxc5 37. Rc4 Nb5 0-1

[Event "Early-Titled-Tuesday-Blitz-July-09-2024"]
[Site "Chess.com"]
[Date "2024.07.09"]
[Round "8"]
[White "Mikasinski"]
[Black "ncofre98"]
[Result "1-0"]
[WhiteElo "2695"]
[BlackElo "2547"]
[TimeControl "180+1"]
[EndTime "9:28:22 PDT"]
[Termination "Mikasinski won by resignation"]

1. e4 c5 2. Nf3 d6 3. d4 cxd4 4. Nxd4 Nf6 5. Nc3 g6 6. Be3 Bg7 7. f3 O-O 8. Qd2 Nc6 9. O-O-O d5 10. Qe1 e5 11. Nxc6 bxc6 12. exd5 Nxd5 13. Bc4 Be6 14. Ne4 Qc7 15. Bc5 Rfd8 16. h4 Nf4 17. Bxe6 Nxe6 18. Bd6 Qb6 19. h5 f5 20. hxg6 fxe4 21.
Qxe4 hxg6 22. Bxe5 Rd5 23. Bxg7 Nxg7 24. Qxg6 Qe3+ 25.
Kb1 Rad8 26. Rxd5 cxd5 27. a3 d4 28. Rh7 Qe1+ 29. Ka2 Qe6+ 30. Qxe6+ Nxe6 31. Rxa7 Nf4 32. Ra5 Kf7 33. Rf5+ 1-0

[Event "Early-Titled-Tuesday-Blitz-July-09-2024"]
[Site "Chess.com"]
[Date "2024.07.09"]
[Round "8"]
[White "GrumbleBruno"]
[Black "Zavgorodniy_Sergiy"]
[Result "0-1"]
[WhiteElo "2511"]
[BlackElo "2669"]
[TimeControl "180+1"]
[EndTime "9:28:22 PDT"]
[Termination "Zavgorodniy_Sergiy won by resignation"]

1. e4 e5 2. Nf3 d6 3. d4 exd4 4.
Qxd4 Nc6 5. Bb5 Bd7 6. Bxc6 Bxc6 7. Nc3 Nf6 8. Bg5 Be7 9. O-O-O O-O 10. Rhe1 h6 11.
Bh4 Re8 12. Bg3 Nd7 13. Nd5 Bf6 14.
Nxf6+ Qxf6 15. e5 Qe6 16. exd6 Qxa2 17. dxc7 Rec8 18. Re3 Qa1+ 19. Kd2 Qa5+ 20. Qc3 Qb5 21. Kc1 Nf6 22. Re5 Qa4 23. b3 Qa3+ 24. Qb2 Qxb2+ 25. Kxb2 Rxc7 26. Rc5 Rd7 27. Ne5 Rxd1 0-1

[Event "Early-Titled-Tuesday-Blitz-July-09-2024"]
[Site "Chess.com"]
[Date "2024.07.09"]
[Round "8"]
[White "ThetNaung291"]
[Black "Mikhail_Golubev"]
[Result "0-1"]
[WhiteElo "2437"]
[BlackElo "2630"]
[TimeControl "180+1"]
[EndTime "9:28:22 PDT"]
[Termination "Mikhail_Golubev won by resignation"]

1. e4 c5 2. Nc3 Nc6 3. f4 g6 4.
Nf3 Bg7 5. Bc4 e6 6. O-O Nge7 7. d3 O-O 8. e5 d6 9. exd6 Nf5 10. Ne4 Nxd6 11.
Nxd6 Qxd6 12. c3 b6 13. Qe2 Bb7 14. Be3 Rad8 15. Rad1 Rfe8 16. Nd2 Na5 17. Ne4 Qc6 18. Ng5 Nxc4 19. dxc4 Rxd1 20. Rxd1 e5 21. f5 gxf5 22. Rd5 f4 23. Bc1 Qg6 24. Ne4 Bxd5 25. cxd5 f5 26. Nf2 Bh6 27. Nd3 f3 0-1

[Event "Early-Titled-Tuesday-Blitz-July-09-2024"]
[Site "Chess.com"]
[Date "2024.07.09"]
[Round "8"]
[White "Herzog2012"]
[Black "AmbartsumianTyhran2012"]
[Result "1-0"]
[WhiteElo "2719"]
[BlackElo "2557"]
[TimeControl "180+1"]
[EndTime "9:28:26 PDT"]
[Termination "Herzog2012 won by checkmate"]

1. e4 e5 2. Nc3 Nf6 3. g3 d5 4. exd5 Nxd5 5. Bg2 Be6 6. Nf3 Nc6 7. O-O Be7 8. Re1 Bf6 9. Nxd5 Bxd5 10. d4 e4 11. Nd2 Bxd4 12. Nxe4 O-O 13. c3 Bxe4 14.
Bxe4 Bb6 15. Bf4 Qf6 16. a4 a5 17. Qc2 h6 18. Re2 Rfe8 19. Rae1 Kf8 20. Bxc6 Rxe2 21. Rxe2 bxc6 22. Qh7 g5 23. Be5 Qf3 24. Bg7# 1-0

[Event "Early-Titled-Tuesday-Blitz-July-09-2024"]
[Site "Chess.com"]
[Date "2024.07.09"]
[Round "8"]
[White "chessdjw"]
[Black "sergeikim"]
[Result "0-1"]
[WhiteElo "2743"]
[BlackElo "2604"]
[TimeControl "180+1"]
[EndTime "9:28:27 PDT"]
[Termination "sergeikim won on time"]

1. c4 Nf6 2. Nc3 g6 3. d4 Bg7 4.
e4 d6 5. Be2 O-O 6. Bg5 Nbd7 7.
Qd2 a6 8. Nf3 e5 9. O-O exd4 10.
Nxd4 c6 11. Rad1 a5 12. Nc2 a4 13. Qxd6 Qa5 14. Be3 Re8 15. f3 Bf8 16. Qd2 Nc5 17.
Kh1 Bg7 18. Bd4 Be6 19. Qe3 b6 20. e5 Nfd7 21. f4 Bf5 22. Na3 Ne6 23. g4 Nxd4 24.
Qxd4 Be6 25. Bf3 Rac8 26. Ne4 Red8 27. Nd6 Nxe5 28. fxe5 Bxe5 29. Nb7 Bxd4 30. Nxa5 bxa5 31. Rd2 c5 0-1

[Event "Early-Titled-Tuesday-Blitz-July-09-2024"]
[Site "Chess.com"]
[Date "2024.07.09"]
[Round "8"]
[White "marvinguevara"]
[Black "UnTucopalaTimba"]
[Result "1-0"]
[WhiteElo "2042"]
[BlackElo "2106"]
[TimeControl "180+1"]
[EndTime "9:28:31 PDT"]
[Termination "marvinguevara won by resignation"]

1. e4 c6 2. d4 d5 3. e5 Bf5 4.
h4 h5 5. Bd3 Bxd3 6. Qxd3 e6 7.
Nf3 c5 8. c3 Nc6 9. dxc5 Bxc5 10.
b4 Bb6 11. b5 Nce7 12. Ba3 Nf5 13. Nbd2 Rc8 14. Nb3 Qc7 15. O-O Qc4 16. Qxc4 Rxc4 17. Bb2 Nxh4 18. Nbd4 Nxf3+ 19. Nxf3 Ne7 20. a4 a5 21. Ba3 Nf5 22. Bb2 h4 23. Nd4 Nxd4 24.
cxd4 Bxd4 25. Bxd4 Rxd4 26. Rfc1 Kd7 27. b6 Rc4 28. Rxc4 dxc4 29. Rd1+ Ke7 30. Kf1 Rc8 31.
Ke2 g5 32. Kd2 Rc5 33. Kc3 f6 34. exf6+ Kxf6 35. Rd7 g4 36. Rxb7 g3 37. fxg3 hxg3 38. Rc7 Rg5 39. b7 1-0

[Event "Early-Titled-Tuesday-Blitz-July-09-2024"]
[Site "Chess.com"]
[Date "2024.07.09"]
[Round "8"]
[White "ozates"]
[Black "RobertoJBM"]
[Result "1/2-1/2"]
[WhiteElo "2623"]
[BlackElo "2833"]
[TimeControl "180+1"]
[EndTime "9:28:33 PDT"]
[Termination "Game drawn by stalemate"]

1. e4 c6 2. Nf3 d5 3. Nc3 dxe4 4. Nxe4 Bg4 5. h3 Bxf3 6. Qxf3 Nd7 7. Qg3 Ngf6 8.
Nxf6+ Nxf6 9. Bc4 Qd6 10. Qf3 Qe5+ 11. Qe2 Qxe2+ 12. Kxe2 e6 13. a4 Nd5 14. d3 Bd6 15. c3 O-O-O 16. Kf3 Rhe8 17. a5 a6 18. Re1 g6 19.
Bg5 Be7 20. Bxe7 Nxe7 21. d4 h5 22. g4 Rh8 23. Kg3 Kd7 24. Ra3 hxg4 25. hxg4 Rh7 26. Bf1 Nd5 27. Bg2 Rdh8 28. c4 Ne7 29. Rd3 Rd8 30. d5 Kc7 31. Red1 exd5 32. cxd5 cxd5 33. Bxd5 Nxd5 34. Rxd5 Rxd5 35. Rxd5 Rh1 36. b4 Rc1 37. Rd4 g5 38. Kf3 Rc2 39. Ke3 Kc6 40. f4 gxf4+ 41.
Rxf4 Kb5 42. Rxf7 Kxb4 43. Rxb7+ Kxa5 44. g5 Rg2 45. Kf4 Ka4 46. Kf5 a5 47. g6 Ka3 48. Kf6 a4 49. Rb5 Rxg6+ 50. Kxg6 Ka2 51. Kf5 a3 52. Ke4 Ka1 53. Kd3 a2 54. Kc2 1/2-1/2

[Event "Early-Titled-Tuesday-Blitz-July-09-2024"]
[Site "Chess.com"]
[Date "2024.07.09"]
[Round "8"]
[White "JueIes"]
[Black "tusplingher"]
[Result "0-1"]
[WhiteElo "2545"]
[BlackElo "2694"]
[TimeControl "180+1"]
[EndTime "9:28:33 PDT"]
[Termination "tusplingher won by checkmate"]

1. b3 e5 2. Bb2 Nc6 3. e3 d5 4.
Bb5 Ne7 5. Bxe5 a6 6. Bxc6+ Nxc6 7. Bg3 Bd6 8. Ne2 h5 9. h4 Be6 10. d4 Qd7 11. c3 O-O-O 12. Nd2 g5 13. Qc2 Bf5 14.
Qb2 Bd3 15. Nc1 Bg6 16. Bxd6 Qxd6 17. hxg5 Qe7 18. Ne2 Qxg5 19. Nf4 Rhe8 20. g3 Rh8 21.
O-O-O h4 22. Rxh4 Rxh4 23. Nf3 Qg4 24. Nxh4 Re8 25. Nhxg6 fxg6 26. Nxd5 Qf3 27. Nf4 g5 28. Qe2 Qe4 29. Nd3 Ne7 30. f3 Qe6 31. e4 Qd6 32. f4 gxf4 33. gxf4 Ng6 34. Qg4+ Kb8 35. e5 Qc6 36.
Kb2 Ne7 37. c4 Rg8 38. Qh3 Rg2+ 39. Kc3 Nd5# 0-1

[Event "Early-Titled-Tuesday-Blitz-July-09-2024"]
[Site "Chess.com"]
[Date "2024.07.09"]
[Round "8"]
[White "Zheenbekov86"]
[Black "ValeriyGrinev"]
[Result "0-1"]
[WhiteElo "2480"]
[BlackElo "2661"]
[TimeControl "180+1"]
[EndTime "9:28:33 PDT"]
[Termination "ValeriyGrinev won on time"]

1. e4 c6 2. d4 d5 3. exd5 cxd5 4. Bd3 Nc6 5. c3 Nf6 6. h3 g6 7. Nf3 Bf5 8. Be2 Qc7 9. O-O h6 10. Be3 g5 11. Nbd2 g4 12. Nh4 Be6 13. hxg4 Rg8 14.
Nf5 h5 15. g5 Ng4 16. Bxg4 hxg4 17. Ng3 O-O-O 18. Nb3 f5 19. Qd2 Bd7 20. Bf4 e5 21. dxe5 Nxe5 22. Qxd5 Bd6 23. Bxe5 Bxe5 24. Qc5 Bc6 25.
Qxa7 Bxg3 26. fxg3 Qxg3 27. Rf2 Rh8 28. Nd4 Qh2+ 29.
Kf1 Qh1+ 30. Ke2 Rhe8+ 31. Kd2 Qxa1 0-1

[Event "Early-Titled-Tuesday-Blitz-July-09-2024"]
[Site "Chess.com"]
[Date "2024.07.09"]
[Round "8"]
[White "Chessgod9oninsta"]
[Black "Chesstiger64"]
[Result "1-0"]
[WhiteElo "2770"]
[BlackElo "2392"]
[TimeControl "180+1"]
[EndTime "9:28:35 PDT"]
[Termination "Chessgod9oninsta won by resignation"]

1. d4 d6 2. c4 e5 3. d5 f5 4. Nc3 Nf6 5. Bg5 h6 6. Bxf6 Qxf6 7. e4 g6 8. Bd3 Bg7 9. Nb5 Na6 10. Ne2 O-O 11.
O-O Bd7 12. Nec3 f4 13. Be2 g5 14. a3 Bh8 15. b4 Rf7 16. Bg4 Rd8 17. Nxa7 f3 18.
Qxf3 Qf4 19. h3 Qxf3 20. Bxf3 Kg7 21. Bg4 Kg6 22. Ne2 h5 23. Bxd7 Rfxd7 24. Ng3 Rf7 25. Nf5 Rxf5 26. exf5+ Kxf5 27. Rfe1 e4 28. Rab1 g4 29.
hxg4+ hxg4 30. Nb5 c6 31. dxc6 bxc6 32. Na7 g3 33.
Nxc6 gxf2+ 34. Kxf2 Rc8 35. Ne7+ Ke6 36. Nxc8 1-0

[Event "Early-Titled-Tuesday-Blitz-July-09-2024"]
[Site "Chess.com"]
[Date "2024.07.09"]
[Round "8"]
[White "Horokoskii"]
[Black "WilsonPalencia21"]
[Result "0-1"]
[WhiteElo "2103"]
[BlackElo "2571"]
[TimeControl "180+1"]
[EndTime "9:28:36 PDT"]
[Termination "WilsonPalencia21 won by resignation"]

1. c4 g6 2. Nc3 Bg7 3. g3 c5 4.
Bg2 Nf6 5. Nf3 O-O 6. O-O Nc6 7. d3 d5 8. cxd5 Nxd5 9. Bd2 Nc7 10. a3 b6 11. Rc1 Bb7 12. Qc2 Rc8 13. Ne4 Ne6 14.
Bc3 Ncd4 15. Bxd4 Nxd4 16. Nxd4 Qxd4 17. Rfd1 Bxe4 18. Bxe4 Qxb2 19. Qxb2 Bxb2 20. Rb1 Bg7 21. a4 Bc3 22. Rdc1 Bb4 23. Rc4 Rfd8 24. Kg2 Ba5 25. h4 f5 26. Bf3 Kf7 27. h5 e6 28. hxg6+ hxg6 29. Rh1 Rh8 30. Rch4 Rxh4 31. Rxh4 Bc3 32.
Rh7+ Bg7 33. Rh1 Rc7 34. Rb1 Bc3 35. Rh1 Kf6 36. Rh8 c4 37. dxc4 Rxc4 38. a5 bxa5 39.
Rf8+ Kg7 40. Rb8 Rc7 41. Rb7 Rxb7 42. Bxb7 a4 43. Ba6 a3 44. Bc4 Kf6 45. Kf3 e5 46. Ke3 Bd4+ 47. Kf3 e4+ 48. Kg2 Ke5 49. f3 Be3 50. Kf1 g5 51. Ke1 Kd4 52. Be6 Kc3 53. fxe4 fxe4 54. g4 Kb2 0-1

[Event "Early-Titled-Tuesday-Blitz-July-09-2024"]
[Site "Chess.com"]
[Date "2024.07.09"]
[Round "8"]
[White "NovakRatko"]
[Black "Fractingale"]
[Result "1-0"]
[WhiteElo "2364"]
[BlackElo "2085"]
[TimeControl "180+1"]
[EndTime "9:28:37 PDT"]
[Termination "NovakRatko won by resignation"]

1. d4 d5 2. c4 e6 3. cxd5 exd5 4. Nc3 Nf6 5. f3 c5 6. e3 cxd4 7. exd4 Bd6 8. Bb5+ Nc6 9. Nge2 O-O 10. Bg5 Re8 11. O-O Be6 12. Qa4 Rc8 13. a3 Qb6 14. Rab1 Bf5 15.
Bxf6 Bxb1 16. Nxd5 Qa5 17. Bxc6 Qxa4 18. Bxa4 Bd3 19.
Bxe8 Bxe2 20. Re1 Rxe8 21. Be5 Bxe5 22. dxe5 Bc4 23. Nc3 f6 24. f4 fxe5 25. Rxe5 Rxe5 26. fxe5 Kf7 27. Ne4 Ke6 28. Nc5+ Kxe5 29. Nxb7 Kd4 30. Kf2 Kd3 31. Nd6 Bd5 32. Nb5 Kc2 33. Nxa7 Kxb2 34.
Nb5 Kb3 35. g4 Ka4 36. Nc3+ 1-0

[Event "Early-Titled-Tuesday-Blitz-July-09-2024"]
[Site "Chess.com"]
[Date "2024.07.09"]
[Round "8"]
[White "albi1999"]
[Black "masterofpuppets2"]
[Result "0-1"]
[WhiteElo "2626"]
[BlackElo "2484"]
[TimeControl "180+1"]
[EndTime "9:28:38 PDT"]
[Termination "masterofpuppets2 won by resignation"]

1. d4 d5 2. c4 e6 3. Nc3 Bb4 4. e3 Nf6 5. a3 Bxc3+ 6. bxc3 c6 7. a4 O-O 8. Ba3 Re8 9. cxd5 cxd5 10. Bb5 Bd7 11. Bd3 Nc6 12. Nf3 e5 13. Be2 e4 14.
Nd2 Be6 15. O-O Na5 16. Qc2 Rc8 17. Rfc1 Bg4 18. Bf1 Re6 19. Qb2 Rec6 20. Bb4 Nc4 21. Nxc4 dxc4 22. a5 Nd5 23. Bc5 b6 24. axb6 axb6 25.
Ba3 Rh6 26. h3 Bf3 27. Qb5 Rg6 28. g3 Qh4 29. Qxd5 Rxg3+ 30. Kh2 Rxh3+ 0-1

[Event "Early-Titled-Tuesday-Blitz-July-09-2024"]
[Site "Chess.com"]
[Date "2024.07.09"]
[Round "8"]
[White "betta2004"]
[Black "MKlose11"]
[Result "1/2-1/2"]
[WhiteElo "2533"]
[BlackElo "2672"]
[TimeControl "180+1"]
[EndTime "9:28:40 PDT"]
[Termination "Game drawn by repetition"]

1. Nf3 Nf6 2. e3 g6 3. b3 c5 4. Bb2 Bg7 5. d4 O-O 6. Nbd2 b6 7. Bd3 d6 8. O-O Ba6 9. c4 cxd4 10. exd4 d5 11. Qc2 Nc6 12. a3 Rc8 13. Rfe1 Re8 14. Rac1 Na5 15. Qb1 dxc4 16. bxc4 e6 17. Ne5 Nd7 18. f4 Nxe5 19. fxe5 Qd7 20. Ne4 Bxc4 21. Nd6 Bxd3 22. Qxd3 Rxc1 23. Rxc1 Rd8 24. Rf1 Rf8 25. a4 Nb7 26. Ba3 Nxd6 27. Bxd6 Rc8 28. h4 Qxa4 29.
h5 Qd7 30. hxg6 hxg6 31. Rf3 Bf8 32. Rf6 Bxd6 33. exd6 Kg7 34. Qf3 Rc1+ 35. Kf2 Rc2+ 36. Kg1 Rc8 37. Qf4 Rd8 38. d5 exd5 39. Qe5 Kg8 40.
Qxd5 Kg7 41. Qe5 Kg8 42. Qd5 Kf8 43. Qe5 Kg8 44. Qd5 1/2-1/2